 Dungeon Sprint DCSS version 0.31-a0-700-gf13585253f (webtiles) character file.

Game seed: 12462495956894717090

4800000 fingers the Meteorologist (level 18, -51/103 HPs)
             Began as a Felid Air Elementalist on Sept 7, 2023.
             Annihilated by a large bag of meat
             ... wielding a +9 giant spiked club
              (117 damage)
             ... in the Dungeon (Sprint VIII: "Arena of Blood").
             The game lasted 00:01:29 (48 turns).

fingers the Meteorologist (Felid Air Elementalist)    Turns: 48, Time: 00:01:30

Health: -51/103    AC:  3    Str:  6    XL:     18   Next: 50%
Magic:  50/50      EV: 43    Int: 18    God:
Gold:   0          SH:  0    Dex: 21    Spells: 70/71 levels left
                                        Lives:  0   Deaths: 5

rFire   . .          .
                       - Unarmed
rCold   + . .        (shield unavailable)
rNeg    . . .        (body armour unavailable)
rPois   .            (helmet unavailable)
rElec   .            (cloak unavailable)
rCorr   .            (gloves unavailable)
SInv    +            (boots unavailable)
Will    ++...        (no amulet)
Stlth   ++++++++++   g - +27000 ring of slaying
HPRegen 0.37/turn    (no ring)
MPRegen 0.32/turn

%: no teleportation
@: quick
A: very small, claws 1, fangs 3, see invisible, speed 1, shaggy fur 3, stealthy
paws, no weapons or thrown items, no armour, multi-lived
a: no special abilities


You were in the Dungeon.
You visited 1 branch

Inventory:

Jewellery
 g - a +27000 ring of slaying (left paw)
Scrolls
 f - a scroll of blinking
Potions
 a - 3 potions of magic
 b - a potion of curing
 c - a potion of heal wounds
 d - a potion of haste
 e - a potion of berserk rage


   Skills:
 + Level 23.7 Fighting
 O Level 27 Dodging
 O Level 27 Stealth
 O Level 27 Unarmed Combat
 O Level 27 Spellcasting
 + Level 18.9 Conjurations
 O Level 27 Air Magic


You had 70 spell levels left.
You knew the following spells:

 Your Spells              Type           Power      Damage    Failure   Level
a - Shock                 Conj/Air       100%       1d9       0%          1

Your spell library contained the following spells:

 Spells                   Type           Power      Damage    Failure   Level
 Static Discharge         Conj/Air       100%       2-7/arc   0%          2
 Swiftness                Air            88%        N/A       0%          3
 Airstrike                Air            44%        2d(7-23)  0%          4


Dungeon Overview and Level Annotations

Branches:
Dungeon (1/1)

Altars:
Makhleb


Innate Abilities, Weirdness & Mutations

You have sharp claws.
You have razor-sharp teeth.
You have supernaturally acute eyesight. (SInv)
You cover ground quickly. (Speed+)
Your thick and shaggy fur keeps you warm. (AC +3, rC+)
Your paws help you pounce on unaware monsters.
You are incapable of wielding weapons or throwing items.
You cannot wear armour.
You gain extra lives every three experience levels.


Message History

You kill the bag of meat!
The bag of meat hits you with a +9 war axe!
A bag of meat comes into view. It is wielding a +9 war axe.
Your Fighting skill gained 2 levels and is now at level 15!
You have mastered Unarmed Combat!
Your Conjurations skill increases to level 15!
The bag of meat shouts!
You eviscerate the meat berserker!!!!!!!!!!
You kill the meat berserker!
Your Fighting skill gained 4 levels and is now at level 19!
Your Conjurations skill increases to level 16!
You have reached level 18!
Extra life!
A meat berserker comes into view. It is wielding a +9 battleaxe.
A sculptor of flesh comes into view. It is wielding a +9 great sword.
The sculptor of flesh hits you with a +9 great sword!!!!
Ouch! That really hurt!
You die...
The bag of meat attacks as it pursues you!
The bag of meat hits you with a +9 war axe!
The bag of meat hits you with a +9 war axe!!
The bag of meat completely misses you.
You rejoin the land of the living...
You eviscerate the meat berserker!!!!!!!!!!
You kill the meat berserker!
Your Fighting skill gained 2 levels and is now at level 21!
Your Conjurations skill increases to level 17!
The bag of meat hits you with a +9 war axe!!!
You eviscerate the bag of meat!!!!!!!!!!!!
You kill the bag of meat!
Your Fighting skill increases to level 22!
Your Conjurations skill increases to level 18!
You eviscerate the sculptor of flesh!!!!!!!!!
You destroy the sculptor of flesh!
Your Fighting skill increases to level 23!
You eviscerate the meat berserker!!!!!!!!!!!
You kill the meat berserker!
The large bag of meat hits you with a +9 giant spiked club!!!!
Ouch! That really hurt!
You die...

#..o.....O.....DO###o.
#..o...o.........)†#..
#.....o....V...ooo)#..
#..oo.....#.†.....oo.o
#.o.zo.o.#.#o#.o..Oo..
#)))ooo..O#.#........o
#.)###.o.#.#.#o......o
#..z)##.z.#.#.....#...
#..oO@#....o..........
#.....).# ......##.#.
####.....# .....
####...... ##.. ###...
.O ##


You could see a sculptor of flesh, a large bag of meat (inner flame) and a bag
of meat.

Vanquished Creatures
  2 vampire knights (D)
  11 ogres (D)
  9 orcs (D)
  A skeletal warrior (D)
23 creatures vanquished.

Notes
Turn   | Place    | Note
-------+----------+-------------------------------------------
     0 | D        | fingers the Felid Air Elementalist began the quest for the
                  | Orb.
     0 | D        | Reached XP level 1. HP: 7/7 MP: 4/4
     5 | D        | Noticed a meat berserker
     5 | D        | Killed a meat berserker
     5 | D        | Noticed a meat berserker
     6 | D        | Reached XP level 2. HP: 11/11 MP: 4/16
     6 | D        | Reached XP level 3. HP: 14/14 MP: 4/18
     6 | D        | Reached XP level 4. HP: 18/18 MP: 4/19
     6 | D        | Reached XP level 5. HP: 21/21 MP: 4/21
     6 | D        | Gained mutation: You are covered in thick fur. (AC +2)
                  | [Felid growth]
     6 | D        | Reached XP level 6. HP: 24/24 MP: 4/22
     6 | D        | Reached XP level 7. HP: 27/27 MP: 4/24
     6 | D        | Reached XP level 8. HP: 31/31 MP: 4/25
     6 | D        | Reached XP level 9. HP: 34/34 MP: 4/26
     6 | D        | Reached XP level 10. HP: 37/37 MP: 4/27
     6 | D        | Reached XP level 11. HP: 40/40 MP: 4/28
     7 | D        | Noticed a bag of meat
     7 | D        | Noticed a bag of meat
     7 | D        | Noticed a bag of meat
     9 | D        | Noticed a bag of meat
    10 | D        | Killed a meat berserker
    10 | D        | Noticed a bag of meat
    11 | D        | Reached skill level 15 in Stealth
    11 | D        | Gained mutation: Your thick and shaggy fur keeps you warm.
                  | (AC +3, rC+) [Felid growth]
    11 | D        | Reached XP level 12. HP: 44/44 MP: 3/31
    11 | D        | Reached XP level 13. HP: 47/47 MP: 3/32
    12 | D        | Noticed a bag of meat
    12 | D        | Noticed a meat berserker
    13 | D        | Noticed a bag of meat
    13 | D        | Noticed a bag of meat
    14 | D        | Noticed a meat berserker
    14 | D        | Noticed a bag of meat
    14 | D        | Noticed a meat berserker
    15 | D        | Noticed a bag of meat
    16 | D        | Noticed a bag of meat
    16 | D        | Killed a bag of meat
    16 | D        | Noticed a bag of meat
    17 | D        | Reached skill level 15 in Spellcasting
    17 | D        | Reached skill level 5 in Conjurations
    17 | D        | Killed a meat berserker
    17 | D        | Noticed a bag of meat
    17 | D        | Noticed a meat berserker
    17 | D        | Noticed a bag of meat
    17 | D        | Noticed a bag of meat
    17 | D        | Noticed a bag of meat
    18 | D        | Reached XP level 14. HP: 51/51 MP: 3/36
    18 | D        | Killed a meat berserker
    18 | D        | Noticed a bag of meat
    18 | D        | Noticed a bag of meat
    19 | D        | Reached skill level 27 in Air Magic
    19 | D        | Killed a meat berserker
    19 | D        | Noticed a meat berserker
    19 | D        | Noticed a bag of meat
    19 | D        | Noticed a meat berserker
    20 | D        | Reached XP level 15. HP: 3/54 MP: 3/40
    20 | D        | Noticed a large bag of meat
    21 | D        | Annihilated by a bag of meat
    22 | D        | Reached skill level 1 in Fighting
    22 | D        | Reached skill level 10 in Unarmed Combat
    22 | D        | Noticed a meat berserker
    22 | D        | Noticed a destroyer
    22 | D        | Noticed a meat berserker
    22 | D        | Noticed a meat berserker
    23 | D        | Annihilated by a destroyer
    23 | D        | Noticed a destroyer
    24 | D        | Killed a destroyer
    25 | D        | Reached XP level 16. HP: 63/63 MP: 41/45
    25 | D        | Killed a meat berserker
    26 | D        | Reached skill level 5 in Fighting
    26 | D        | Reached skill level 27 in Dodging
    26 | D        | Reached skill level 10 in Conjurations
    26 | D        | Killed a meat berserker
    28 | D        | HP: 1/69 [bag of meat/+9 war axe (9)]
    29 | D        | Reached skill level 27 in Stealth
    29 | D        | Reached skill level 27 in Spellcasting
    29 | D        | Reached XP level 17. HP: 1/73 MP: 42/49
    29 | D        | Noticed an eight-headed meat hydra
    29 | D        | Noticed a large bag of meat
    29 | D        | Annihilated by a bag of meat
    30 | D        | Noticed a meat berserker
    30 | D        | Noticed a large bag of meat
    30 | D        | Noticed a meat berserker
    30 | D        | Noticed a large bag of meat
    31 | D        | Noticed a meat berserker
    31 | D        | Annihilated by a destroyer
    32 | D        | Noticed a large bag of meat
    33 | D        | Noticed a meat berserker
    36 | D        | Noticed a meat berserker
    37 | D        | Noticed a sculptor of flesh
    37 | D        | Noticed a destroyer
    38 | D        | Killed a destroyer
    39 | D        | Killed a meat berserker
    42 | D        | Reached skill level 15 in Fighting
    42 | D        | Reached skill level 27 in Unarmed Combat
    42 | D        | Reached skill level 15 in Conjurations
    42 | D        | Killed a meat berserker
    43 | D        | Reached XP level 18. HP: 45/96 MP: 50/50
    43 | D        | Noticed a meat berserker
    43 | D        | Noticed a sculptor of flesh
    43 | D        | Annihilated by a sculptor of flesh
    44 | D        | Killed a meat berserker
    47 | D        | Killed a sculptor of flesh
    48 | D        | Killed a meat berserker
    48 | D        | Annihilated by a large bag of meat

Illustrated notes

Levels and vault maps discovered:
D:        meatsprint

Skill      XL: |  1  2  3  4  5  6  7  8  9 10 11 12 13 14 15 16 17 18 |
---------------+-------------------------------------------------------+-----
Dodging        | 14 16 18 22 26 27 | 27.0
Stealth        | 13 15 16 19 23 27 | 27.0
Unarmed Combat | 2 3 4 8 13 18 27 | 27.0
Spellcasting   | 12 14 17 20 24 27 | 27.0
Conjurations   | 3 4 5 7 9 11 16 18 | 18.9
Air Magic      | 20 23 26 27 | 27.0
Fighting       | 4 8 19 23 | 23.7

Action                     |  1- 3 |  4- 6 |  7- 9 | 10-12 | 13-15 | 16-18 || total
---------------------------+-------+-------+-------+-------+-------+-------++-------
  Melee: Unarmed           |     1 |       |       |     1 |     8 |    13 ||    23
   Cast: Shock             |       |       |       |     1 |     2 |       ||     3
 Armour: Skin              |       |       |       |       |     7 |    14 ||    21
  Dodge: Dodged            |       |       |       |       |    12 |     2 ||    14

Table legend: (Time is in decaauts)
 A = Elapsed time spent in this place.
 B = Non-inter-level travel time spent in this place.
 C = Inter-level travel time spent in this place.
 D = Time resting spent in this place.
 E = Time spent auto-exploring this place.
 F = Levels seen in this place.
 G = Mean time per level.
                   A        B        C        D        E       F      G
               +--------+--------+--------+--------+--------+-----+--------+
         Total |     37 |     37 |      0 |      0 |      0 |   1 |   37.0 |
       Dungeon |     37 |     37 |      0 |      0 |      0 |   1 |   37.0 |
               +--------+--------+--------+--------+--------+-----+--------+

Top non-repeatable levels by time:
       D: 37 daAuts
